AoeStats
← Lord_Wilfredo

Fortress

508138017Analyzed
4v4 RM · 12d ago on Sep 21, 2026· 69m 41s· 8 players
Game mode
Random Map
Map size
Huge
Population
200
Speed
Normal
Resources
Standard
Victory
Conquest
Starting age
Dark Age
Ending age
Imperial Age
RankedLock teamsTeams togetherTeam positionsShared explorationLock speedFull tech treeHidden civsTurbo modeCheats
Victory
Defeat
🇺🇸 Wei · United States
1426
+13
🇨🇴 Burgundians · Colombia
1394
+15
🇯🇵 Cumans · Japan
1389
+15
🇦🇷 Spanish · Argentina
1357
+16
🇨🇴 Khmer · Colombia
1395
-16
🇨🇱 Muisca · Chile
1369
-15
🇵🇪 Persians · Peru
1346
-14
🇨🇱 Bohemians · Chile
1342
-14
Advanta09
7:27 Feudal Age
11:05 Castle Age
9:20 Double-Bit Axe
9:44 Horse Collar
11:05 Gold Mining
12:28 Bow Saw
16:16 Heavy Plow
18:14 Wheelbarrow
20:17 Hand Cart
20:38 Scale Barding Armor
23:48 Chain Barding Armor
23:39 Forging
23:43 Bloodlines
23:34 Husbandry
27:55 Imperial Age
25:46 Loom
25:47 Town Watch
27:09 Iron Casting
26:52 Stone Mining
27:38 Gold Shaft Mining
27:59 Elite Tiger Cavalry
29:42 Ming Guang Armor
29:59 Conscription
30:15 Hoardings
30:42 Blast Furnace
30:18 Devotion
31:23 Stone Shaft Mining
31:19 Crop Rotation
30:56 Tuntian
32:32 Treadmill Crane
33:03 Masonry
33:18 Ballistics
34:17 Chemistry
34:35 Fletching
35:57 Bodkin Arrow
36:21 Caravan
41:50 Coinage
42:14 Careening
42:08 Bracer
42:05 Murder Holes
43:26 Banking
56:48 Parthian Tactics
56:29 Thumb Ring
57:29 Padded Archer Armor
maxwell54
2:16 Double-Bit Axe
4:05 Horse Collar
7:57 Feudal Age
9:38 Loom
12:28 Castle Age
10:55 Bow Saw
11:03 Heavy Plow
12:04 Wheelbarrow
13:35 Town Watch
19:06 Gold Mining
23:15 Imperial Age
22:40 Hand Cart
23:48 Two-Man Saw
23:24 Crop Rotation
24:18 Gold Shaft Mining
25:08 Chemistry
24:32 Conscription
24:15 Padded Archer Armor
31:37 Scale Barding Armor
31:43 Forging
32:44 Burgundian Vineyards
33:46 Light Cavalry
34:29 Husbandry
35:36 Chain Barding Armor
34:52 Hussar
40:40 Iron Casting
40:46 Plate Barding Armor
42:27 Blast Furnace
46:54 Leather Archer Armor
53:18 Caravan
56:14 Fletching
57:00 Bodkin Arrow
60:25 Bracer
69:28 Cavalier
PeterWong1988
7:52 Feudal Age
8:26 Horse Collar
8:35 Double-Bit Axe
10:47 Wheelbarrow
12:06 Loom
15:30 Bloodlines
15:37 Forging
18:54 Castle Age
18:59 Capped Ram
20:05 Scale Barding Armor
28:49 Heavy Plow
33:18 Imperial Age
31:07 Hand Cart
30:55 Scale Mail Armor
30:57 Pikeman
31:38 Squires
33:25 Elite Steppe Lancer
33:39 Halberdier
51:09 Chain Barding Armor
51:25 Iron Casting
52:51 Crop Rotation
52:19 Light Cavalry
56:57 Caravan
61:43 Bow Saw
63:49 Town Watch
63:55 Hussar
68:23 Cavalier
Lord_Wilfredo
7:08 Feudal Age
8:16 Loom
10:57 Castle Age
9:18 Double-Bit Axe
11:05 Padded Archer Armor
12:06 Bow Saw
18:54 Leather Archer Armor
25:21 Gold Mining
26:09 Wheelbarrow
30:25 Imperial Age
29:11 Scale Barding Armor
29:17 Forging
29:27 Hand Cart
29:40 Bloodlines
29:30 Husbandry
29:19 Town Watch
30:29 Cavalier
31:32 Chain Barding Armor
31:45 Conscription
32:22 Iron Casting
36:17 Plate Barding Armor
36:43 Blast Furnace
38:17 Ring Archer Armor
38:48 Blast Furnace
39:40 Two-Man Saw
40:04 Ballistics
40:29 Fletching
40:39 Scale Mail Armor
41:13 Elite Conquistador
43:24 Chemistry
43:23 Stone Mining
44:43 Paladin
46:03 Horse Collar
52:20 Caravan
53:17 Light Cavalry
59:48 Hussar
63:08 Man-at-Arms
63:34 Gambesons
63:49 Squires
63:10 Pikeman
63:35 Arson
64:08 Chain Mail Armor
64:51 Thumb Ring
64:12 Long Swordsman
65:22 Bombard Tower
65:14 Halberdier
66:28 Plate Mail Armor
66:02 Two-Handed Swordsman
67:59 Champion
Gott_Uncle
7:40 Feudal Age
9:23 Loom
12:08 Castle Age
10:11 Double-Bit Axe
10:44 Horse Collar
14:20 Fervor
15:24 Heavy Plow
18:57 Sanctity
19:38 Pikeman
21:48 Wheelbarrow
22:06 Forging
22:22 Scale Mail Armor
23:23 Iron Casting
24:26 Hand Cart
25:08 Bow Saw
28:32 Imperial Age
27:18 Chemistry
27:29 Fortified Wall
27:30 Masonry
27:49 Fletching
28:00 Padded Archer Armor
28:36 Ballistics
28:31 Elite Skirmisher
29:25 Bodkin Arrow
29:45 Leather Archer Armor
29:41 Town Watch
30:46 Bracer
33:31 Halberdier
41:19 Ring Archer Armor
41:49 Blast Furnace
41:05 Chain Mail Armor
43:22 Siege Engineers
45:53 Architecture
48:14 Plate Mail Armor
59:42 Houfnice
61:30 Murder Holes
Amaterasu
8:12 Feudal Age
8:49 Double-Bit Axe
12:17 Castle Age
13:44 Bow Saw
13:28 Horse Collar
16:19 Heavy Plow
18:01 Fletching
18:41 Loom
18:45 Town Watch
20:53 Wheelbarrow
22:00 Masonry
21:55 Gold Mining
24:21 Bloodlines
24:15 Husbandry
25:00 Scale Barding Armor
25:06 Forging
26:20 Chain Barding Armor
29:06 Iron Casting
28:49 Bodkin Arrow
29:58 Hand Cart
32:50 Imperial Age
31:16 Gold Shaft Mining
32:36 Cavalier
33:55 Plate Barding Armor
35:04 Crop Rotation
35:15 Stone Mining
36:54 Blast Furnace
35:38 Savar
38:06 Heavy Camel Rider
40:28 Light Cavalry
44:20 Conscription
45:30 Hussar
51:11 Town Patrol
53:33 Pikeman
54:17 Scale Mail Armor
54:36 Halberdier
55:18 Squires
57:15 Capped Ram
58:15 Siege Ram
66:11 Caravan
Teuto
8:24 Feudal Age
11:12 Castle Age
9:09 Horse Collar
10:01 Double-Bit Axe
12:38 Heavy Plow
12:48 Bow Saw
13:19 Town Watch
15:36 Loom
18:11 Wheelbarrow
18:52 Stone Mining
18:59 Gold Mining
22:44 Bloodlines
27:20 Fletching
27:41 Forging
27:38 Husbandry
28:04 Bodkin Arrow
29:12 Coinage
31:16 Imperial Age
30:04 Gold Shaft Mining
31:10 Iron Casting
30:40 Scale Barding Armor
31:19 Cavalier
33:03 Blast Furnace
33:00 Chain Barding Armor
32:44 Elite Battle Elephant
35:40 Hand Cart
35:57 Crop Rotation
34:59 Light Cavalry
37:26 Plate Barding Armor
36:13 Hussar
36:33 Heavy Scorpion
39:33 Ballistics
39:43 Double Crossbow
40:07 Bracer
41:15 Chemistry
47:38 Conscription
54:26 Bracer
60:09 Murder Holes
68:49 Scale Mail Armor
68:15 Pikeman
Ren Majestic
8:30 Feudal Age
10:18 Double-Bit Axe
10:30 Gold Mining
13:06 Castle Age
11:19 Fletching
11:29 Horse Collar
12:36 Padded Archer Armor
14:06 Bow Saw
15:48 Bodkin Arrow
16:20 Loom
17:37 Leather Archer Armor
19:51 Ballistics
29:35 Town Watch
30:26 Wheelbarrow
32:25 Imperial Age
30:42 Heavy Plow
31:49 Wheelbarrow
32:58 Stone Mining
33:29 Scale Mail Armor
34:15 Elite Temple Guard
35:17 Squires
35:19 Scale Mail Armor
44:26 Bracer
44:39 Forging
44:14 Elite Skirmisher
47:02 Iron Casting
47:30 Chemistry
50:39 Pikeman
51:30 Town Watch
52:51 Hand Cart
53:47 Herbalism
55:12 Conscription
59:59 Masonry
59:30 Treadmill Crane
60:14 Champi Runner
61:08 Champi Warrior
69:28 Huaracas
Connection lost

Rejoining the realm…

Still unreachable

The connection could not be restored.

Session expired

The server has moved on; the page needs a fresh start.